NCAA
CREIGHTON BLUE JAYS @ RUTGERS SCARLET KNIGHTS
06/01/2028
 
TOP OF THE 1ST
Creighton Blue Jays batting - Pitching for Rutgers Scarlet Knights : RHP Steven Lawson
Pitching: RHP Steven Lawson
Batting: LHB Raúl Hernández 0-0: Ball
1-0: Foul Ball, location: 2F
1-1: Ball
2-1: DOUBLE (Groundball, 3L)
Batting: LHB Pedro Oropesa 0-0: Ball
1-0: Called Strike
1-1: Ball
2-1: Ball
3-1: Base on Balls
Batting: RHB Matt Cole 0-0: Swinging Strike
0-1: Foul Ball, location: 2F
0-2: Ball
1-2: Fly out, F7 (Flyball, 7)
Batting: LHB Brady Phillips 0-0: Fly out, F7 (Flyball, 7LSF)
Batting: LHB Steve Edwards 0-0: Fly out, F9 (Flyball, 9)
Top of the 1st over - 0 run(s), 1 hit(s), 0 error(s), 2 left on base; Creighton 0 - Rutgers 0
BOTTOM OF THE 1ST
Rutgers Scarlet Knights batting - Pitching for Creighton Blue Jays : LHP Jerry Saunders
Pitching: LHP Jerry Saunders
Batting: LHB Dave Watkins 0-0: Called Strike
0-1: Ball
1-1: Fly out, F8 (Flyball, 8RS)
Batting: RHB Howard Battle 0-0: Called Strike
0-1: Swinging Strike
0-2: Strikes out swinging
Batting: LHB Carlos Hernández 0-0: Called Strike
0-1: Called Strike
0-2: Ball
1-2: Foul Ball, location: 2F
1-2: Foul Ball, location: 2F
1-2: Ball
2-2: Fly out, F7 (Flyball, 7LSF)
Bottom of the 1st over - 0 run(s), 0 hit(s), 0 error(s), 0 left on base; Creighton 0 - Rutgers 0
TOP OF THE 2ND
Creighton Blue Jays batting - Pitching for Rutgers Scarlet Knights : RHP Steven Lawson
Batting: RHB Gabriel Santana 0-0: Called Strike
0-1: Foul Ball, location: 2F
0-2: Foul Ball, location: 2F
0-2: Ball
1-2: Ball
2-2: Foul Ball, location: 2F
2-2: Foul Ball, location: 2F
2-2: Ground out 4-3 (Groundball, 4M)
Batting: LHB Marcos Torres 0-0: Called Strike
0-1: SINGLE (Line Drive, 89S)
Batting: RHB Jaime Aguirre 0-0: Ball
1-0: Ball
2-0: Ball
3-0: Base on Balls
Marcos Torres to second
Batting: RHB Michael Carr 0-0: Called Strike
0-1: Called Strike
0-2: Strikes out swinging
Batting: LHB Raúl Hernández 0-0: Called Strike
0-1: SINGLE (Flyball, 7S)
Marcos Torres to third
Jaime Aguirre to second
Runner from 3rd tries for Home, SAFE, no throw
Batting: LHB Pedro Oropesa 0-0: Foul Ball, location: 2F
0-1: Ground out 6-3 (Groundball, 6MS)
Top of the 2nd over - 1 run(s), 2 hit(s), 0 error(s), 2 left on base; Creighton 1 - Rutgers 0
BOTTOM OF THE 2ND
Rutgers Scarlet Knights batting - Pitching for Creighton Blue Jays : LHP Jerry Saunders
Batting: RHB Chris Barker 0-0: Swinging Strike
0-1: Ball
1-1: Foul Ball, location: 2F
1-2: Foul Ball, location: 2F
1-2: Strikes out looking
Batting: RHB Eric Green 0-0: Ball
1-0: Called Strike
1-1: Foul Ball, location: 2F
1-2: Foul Ball, location: 2F
1-2: Ground out 3-1 (Groundball, 34S)
Batting: LHB Ryan Washington 0-0: Ball
1-0: Foul Ball, location: 2F
1-1: Reached on error, E4 (Groundball, 4)
Batting: RHB Harry Wilkins 0-0: Called Strike
0-1: Ball
1-1: Ball
2-1: Fielders Choice at 2nd, 6-4 (Groundball, 6)
Bottom of the 2nd over - 0 run(s), 0 hit(s), 1 error(s), 0 left on base; Creighton 1 - Rutgers 0
TOP OF THE 3RD
Creighton Blue Jays batting - Pitching for Rutgers Scarlet Knights : RHP Steven Lawson
Batting: RHB Matt Cole 0-0: Ball
1-0: Fly out, F9 (Flyball, 9LMF)
Batting: LHB Brady Phillips 0-0: Ball
1-0: Ball
2-0: SINGLE (Line Drive, 4M)
Batting: LHB Steve Edwards 0-0: Ball
1-0: Ball
2-0: Swinging Strike
2-1: SINGLE (Groundball, 6MD)
Brady Phillips to second
Batting: RHB Gabriel Santana 0-0: Ball
1-0: Ball
2-0: Foul Ball, location: 2F
2-1: Ball
3-1: Base on Balls
Brady Phillips to third
Steve Edwards to second
Batting: LHB Marcos Torres 0-0: Ball
1-0: Called Strike
1-1: Called Strike
1-2: Foul Ball, location: 2F
1-2: Ball
2-2: SINGLE (Line Drive, 8LS)
Brady Phillips scores
Steve Edwards to third
Gabriel Santana to second
Batting: RHB Jaime Aguirre 0-0: Ball
1-0: Called Strike
1-1: Ball
2-1: Ball
3-1: TRIPLE (Line Drive, 9LM)
Steve Edwards scores
Gabriel Santana scores
Marcos Torres scores
Batting: RHB Michael Carr 0-0: Foul Ball, location: 2F
0-1: Ball
1-1: Ball
2-1: Ground out 5-3 (Groundball, 56)
Jaime Aguirre scores
Pitching: RHP Bob Hall
Batting: LHB Raúl Hernández 0-0: Swinging Strike
0-1: Called Strike
0-2: Strikes out swinging
Top of the 3rd over - 5 run(s), 4 hit(s), 0 error(s), 0 left on base; Creighton 6 - Rutgers 0
BOTTOM OF THE 3RD
Rutgers Scarlet Knights batting - Pitching for Creighton Blue Jays : LHP Jerry Saunders
Batting: SHB Pat Brock 0-0: Ball
1-0: Swinging Strike
1-1: Foul Ball, location: 2F
1-2: Fly out, F8 (Flyball, 8LS)
Batting: RHB Bill Shaffer 0-0: Foul Ball, location: 2F
0-1: Ball
1-1: Ground out 1-3 (Groundball, P)
Batting: LHB Dave Watkins 0-0: SINGLE (Line Drive, 4D)
Batting: RHB Howard Battle 0-0: Ball
1-0: Swinging Strike
Dave Watkins steals 2nd base
1-1: Called Strike
1-2: Ground out U3 (Groundball, 34S)
Bottom of the 3rd over - 0 run(s), 1 hit(s), 0 error(s), 1 left on base; Creighton 6 - Rutgers 0
TOP OF THE 4TH
Creighton Blue Jays batting - Pitching for Rutgers Scarlet Knights : RHP Bob Hall
Batting: LHB Pedro Oropesa 0-0: Foul Ball, location: 2F
0-1: Swinging Strike
0-2: Strikes out swinging
Batting: RHB Matt Cole 0-0: Foul Ball, location: 2F
0-1: Ball
1-1: Fly out, F5 (Popup, 5S)
Batting: LHB Brady Phillips 0-0: Fly out, F7 (Flyball, 78M)
Top of the 4th over - 0 run(s), 0 hit(s), 0 error(s), 0 left on base; Creighton 6 - Rutgers 0
BOTTOM OF THE 4TH
Rutgers Scarlet Knights batting - Pitching for Creighton Blue Jays : LHP Jerry Saunders
Batting: LHB Carlos Hernández 0-0: Foul Ball, location: 2F
0-1: Ball
1-1: Swinging Strike
1-2: Ball
2-2: Foul Ball, location: 2F
2-2: Ground out U3 (Groundball, 34)
Batting: RHB Chris Barker 0-0: Foul Ball, location: 2F
0-1: Swinging Strike
0-2: Foul Ball, location: 2F
0-2: Ball
1-2: Strikes out swinging
Batting: RHB Eric Green 0-0: Foul Ball, location: 2F
0-1: Swinging Strike
0-2: Ball
1-2: Foul Ball, location: 2F
1-2: Strikes out swinging
Bottom of the 4th over - 0 run(s), 0 hit(s), 0 error(s), 0 left on base; Creighton 6 - Rutgers 0
TOP OF THE 5TH
Creighton Blue Jays batting - Pitching for Rutgers Scarlet Knights : RHP Bob Hall
Batting: LHB Steve Edwards 0-0: Called Strike
0-1: Swinging Strike
0-2: Strikes out swinging
Batting: RHB Gabriel Santana 0-0: Foul Ball, location: 2F
0-1: Called Strike
0-2: Fly out, F9 (Flyball, 9S)
Batting: LHB Marcos Torres 0-0: Ball
1-0: Called Strike
1-1: Ground out 4-3 (Groundball, 4)
Top of the 5th over - 0 run(s), 0 hit(s), 0 error(s), 0 left on base; Creighton 6 - Rutgers 0
BOTTOM OF THE 5TH
Rutgers Scarlet Knights batting - Pitching for Creighton Blue Jays : LHP Jerry Saunders
Batting: LHB Ryan Washington 0-0: Ground out 4-3 (Groundball, 4MS)
Batting: RHB Harry Wilkins 0-0: Foul Ball, location: 2F
0-1: Swinging Strike
0-2: Strikes out swinging
Batting: SHB Pat Brock 0-0: Ball
1-0: Ground out 6-3 (Groundball, 6)
Bottom of the 5th over - 0 run(s), 0 hit(s), 0 error(s), 0 left on base; Creighton 6 - Rutgers 0
TOP OF THE 6TH
Creighton Blue Jays batting - Pitching for Rutgers Scarlet Knights : RHP Bob Hall
Batting: RHB Jaime Aguirre 0-0: Called Strike
0-1: Foul Ball, location: 2F
0-2: Strikes out swinging
Batting: RHB Michael Carr 0-0: Ball
1-0: Foul Ball, location: 2F
1-1: Hit by Pitch
Pinch Runner at 1st Carlos Gómez:
Batting: LHB Raúl Hernández 0-0: Foul Ball, location: 2F
0-1: Ball
1-1: Ball
2-1: Foul Ball, location: 2F
2-2: Foul Ball, location: 2F
2-2: Ball
3-2: Grounds into double play, 4-6-3 (Groundball, 4M)
Top of the 6th over - 0 run(s), 0 hit(s), 0 error(s), 0 left on base; Creighton 6 - Rutgers 0
BOTTOM OF THE 6TH
Rutgers Scarlet Knights batting - Pitching for Creighton Blue Jays : LHP Jerry Saunders
Now at 1B: Carlos Gómez
Batting: RHB Bill Shaffer 0-0: Called Strike
0-1: Ball
1-1: Ball
2-1: Ball
3-1: Base on Balls
Batting: LHB Dave Watkins 0-0: Foul Ball, location: 2F
0-1: Ball
1-1: Grounds out, U3 (Groundball, 3L)
Batting: RHB Howard Battle 0-0: Ball
1-0: Foul Ball, location: 2F
1-1: Ball
2-1: Called Strike
2-2: Ball
3-2: Fly out, F4 (Line Drive, 4)
Batting: LHB Carlos Hernández 0-0: Ball
1-0: Called Strike
1-1: Foul Ball, location: 2F
1-2: Strikes out looking
Bottom of the 6th over - 0 run(s), 0 hit(s), 0 error(s), 1 left on base; Creighton 6 - Rutgers 0
TOP OF THE 7TH
Creighton Blue Jays batting - Pitching for Rutgers Scarlet Knights : RHP Bob Hall
Batting: LHB Pedro Oropesa 0-0: Ball
1-0: Swinging Strike
1-1: Ground out 4-3 (Groundball, 4)
Batting: RHB Matt Cole 0-0: Ball
1-0: Swinging Strike
1-1: Ball
2-1: Fly out, F8 (Flyball, 8LM)
Batting: LHB Brady Phillips 0-0: Ball
1-0: Called Strike
1-1: Ball
2-1: Foul Ball, location: 2F
2-2: Foul Ball, location: 2F
2-2: Hit by Pitch
Batting: LHB Steve Edwards 0-0: Ball
1-0: Called Strike
1-1: Called Strike
1-2: Fly out, F2 (Popup, 13S)
Top of the 7th over - 0 run(s), 0 hit(s), 0 error(s), 1 left on base; Creighton 6 - Rutgers 0
BOTTOM OF THE 7TH
Rutgers Scarlet Knights batting - Pitching for Creighton Blue Jays : LHP Jerry Saunders
Pitching: LHP Ángel Quintana
Batting: RHB Chris Barker 0-0: Ball
1-0: Fly out, F4 (Flyball, 4MD)
Batting: RHB Eric Green 0-0: SINGLE (Line Drive, 56D)
Batting: LHB Ryan Washington 0-0: Ball
1-0: Called Strike
1-1: SINGLE (Flyball, 78S)
Eric Green to second
Batting: RHB Harry Wilkins 0-0: Called Strike
0-1: SINGLE (Groundball, 6D)
Eric Green to third
Ryan Washington to second
Batting: SHB Pat Brock 0-0: Ball
1-0: Called Strike
1-1: Ball
2-1: Ball
3-1: Base on Balls
Eric Green scores
Ryan Washington to third
Harry Wilkins to second
Batting: RHB Bill Shaffer 0-0: Reached on error, E3 (Groundball, 34)
Ryan Washington scores
Harry Wilkins to third
Pat Brock to second
Batting: LHB Dave Watkins 0-0: Ball
1-0: Called Strike
1-1: Foul Ball, location: 2F
1-2: Foul Ball, location: 2F
1-2: Ball
2-2: Ball
3-2: Base on Balls
Harry Wilkins scores
Pat Brock to third
Bill Shaffer to second
Pitching: RHP Tommy Estes
Batting: RHB Howard Battle 0-0: Foul Ball, location: 2F
0-1: SINGLE (Line Drive, 4MD)
Pat Brock scores
Bill Shaffer to third
Dave Watkins to second
Batting: LHB Carlos Hernández 0-0: SINGLE (Groundball, 3D)
Bill Shaffer scores
Dave Watkins to third
Howard Battle to second
Runner from 3rd tries for Home, SAFE, no throw
Batting: RHB Chris Barker 0-0: Called Strike
0-1: Ball
Carlos Hernández steals 2nd base
Howard Battle to third
1-1: Called Strike
1-2: Foul Ball, location: 2F
1-2: Foul Ball, location: 2F
1-2: Ball
2-2: Foul Ball, location: 2F
2-2: 3-RUN HOME RUN (Flyball, 7D), Distance : 370 ft
Pitching: LHP John Larson
Batting: RHB Eric Green 0-0: Foul Ball, location: 2F
0-1: Ball
1-1: Swinging Strike
1-2: Ball
2-2: Foul Ball, location: 2F
2-2: Ball
3-2: Foul Ball, location: 2F
3-2: Foul Ball, location: 2F
3-2: Foul Ball, location: 2F
3-2: Strikes out swinging
Batting: LHB Ryan Washington 0-0: Ball
1-0: Foul Ball, location: 2F
1-1: Fly out, F8 (Flyball, 78M)
Bottom of the 7th over - 9 run(s), 6 hit(s), 1 error(s), 0 left on base; Creighton 6 - Rutgers 9
TOP OF THE 8TH
Creighton Blue Jays batting - Pitching for Rutgers Scarlet Knights : RHP Bob Hall
Batting: RHB Gabriel Santana 0-0: Ball
1-0: Hit by Pitch
Pitching: LHP Júlio Ariza
Batting: LHB Marcos Torres 0-0: Ball
1-0: Ball
2-0: Foul Ball, location: 2F
2-1: Foul Ball, location: 2F
2-2: Foul Ball, location: 2F
2-2: Ball
3-2: Foul Ball, location: 2F
3-2: Strikes out swinging
Pitching: RHP Mark Bullard
Batting: RHB Jaime Aguirre 0-0: Called Strike
0-1: Foul Ball, location: 2F
0-2: Ball
1-2: Ball
2-2: Ball
3-2: Base on Balls
Gabriel Santana to second
Batting: RHB Carlos Gómez 0-0: Ball
1-0: Ball
2-0: Swinging Strike
2-1: Foul Ball, location: 2F
2-2: SINGLE (Line Drive, 6MD)
Gabriel Santana to third
Jaime Aguirre to second
Pitching: LHP Eric Cutino
Pinch Hitting: RHB Ed Lindsey 0-0: Ball
1-0: Ball
2-0: Grounds into fielders choice 1-2 (Groundball, 15)
Jaime Aguirre to third
Carlos Gómez to second
Batting: LHB Pedro Oropesa 0-0: Ball
1-0: Called Strike
1-1: Swinging Strike
1-2: Ball
2-2: Ball
3-2: DOUBLE (Flyball, 89M)
Jaime Aguirre scores
Carlos Gómez scores
Ed Lindsey to third
Ed Lindsey scores
Batting: RHB Matt Cole 0-0: Called Strike
0-1: Swinging Strike
0-2: Strikes out swinging
Top of the 8th over - 3 run(s), 2 hit(s), 0 error(s), 1 left on base; Creighton 9 - Rutgers 9
BOTTOM OF THE 8TH
Rutgers Scarlet Knights batting - Pitching for Creighton Blue Jays : LHP John Larson
Now in CF: Rob Johnstone
Batting: RHB Harry Wilkins 0-0: Ball
1-0: Called Strike
1-1: Foul Ball, location: 2F
1-2: Ball
2-2: Ball
3-2: Foul Ball, location: 2F
3-2: Fly out, F2 (Popup, 13)
Batting: SHB Pat Brock 0-0: Ball
1-0: Called Strike
1-1: Swinging Strike
1-2: Foul Ball, location: 2F
1-2: Ball
2-2: Ball
3-2: Strikes out swinging, 2-3 out at first.
Batting: RHB Bill Shaffer 0-0: Ball
1-0: Ball
2-0: Called Strike
2-1: Ball
3-1: Foul Ball, location: 2F
3-2: Base on Balls
Batting: LHB Dave Watkins 0-0: Called Strike
Bill Shaffer steals 2nd base
0-1: Foul Ball, location: 2F
0-2: Ball
1-2: Ball
2-2: Ball
3-2: Base on Balls
Batting: RHB Howard Battle 0-0: Called Strike
0-1: Swinging Strike
0-2: Ball
1-2: Fielders Choice at 2nd, 6-4 (Groundball, 6)
Bottom of the 8th over - 0 run(s), 0 hit(s), 0 error(s), 1 left on base; Creighton 9 - Rutgers 9
TOP OF THE 9TH
Creighton Blue Jays batting - Pitching for Rutgers Scarlet Knights : LHP Eric Cutino
Pitching: LHP Jack Greene
Batting: LHB Brady Phillips 0-0: Ball
1-0: Ball
2-0: Called Strike
2-1: Called Strike
2-2: Strikes out swinging
Batting: LHB Steve Edwards 0-0: Swinging Strike
0-1: Ball
1-1: Foul Ball, location: 2F
1-2: Strikes out swinging
Batting: RHB Gabriel Santana 0-0: SINGLE (Groundball, 6D)
Batting: LHB Marcos Torres 0-0: Called Strike
0-1: Foul Ball, location: 2F
0-2: Strikes out swinging
Top of the 9th over - 0 run(s), 1 hit(s), 0 error(s), 1 left on base; Creighton 9 - Rutgers 9
BOTTOM OF THE 9TH
Rutgers Scarlet Knights batting - Pitching for Creighton Blue Jays : LHP John Larson
Pitching: LHP Peter Turner
Batting: LHB Carlos Hernández 0-0: Ball
1-0: Called Strike
1-1: Ball
2-1: Ball
3-1: Base on Balls
Batting: RHB Chris Barker 0-0: Grounds into double play, 6-4-3 (Groundball, 6)
Batting: RHB Eric Green 0-0: Fly out, F8 (Flyball, 8RM)
Bottom of the 9th over - 0 run(s), 0 hit(s), 0 error(s), 0 left on base; Creighton 9 - Rutgers 9
TOP OF THE 10TH
Creighton Blue Jays batting - Pitching for Rutgers Scarlet Knights : LHP Jack Greene
Batting: RHB Jaime Aguirre 0-0: Called Strike
0-1: Swinging Strike
0-2: Strikes out looking
Batting: RHB Carlos Gómez 0-0: Foul Ball, location: 2F
0-1: Foul Ball, location: 2F
0-2: Ball
1-2: Fly out, F8 (Flyball, 89M)
Batting: LHB Rob Johnstone 0-0: Foul Ball, location: 2F
0-1: Ball
1-1: Swinging Strike
1-2: Ball
2-2: Ball
3-2: Base on Balls
Batting: LHB Pedro Oropesa 0-0: Called Strike
0-1: Foul Ball, location: 2F
0-2: Ball
1-2: Ball
2-2: Ball
3-2: Strikes out swinging
Top of the 10th over - 0 run(s), 0 hit(s), 0 error(s), 1 left on base; Creighton 9 - Rutgers 9
BOTTOM OF THE 10TH
Rutgers Scarlet Knights batting - Pitching for Creighton Blue Jays : LHP Peter Turner
Batting: LHB Ryan Washington 0-0: Called Strike
0-1: Ball
1-1: Foul Ball, location: 2F
1-2: Ground out 4-3 (Groundball, 4)
Batting: RHB Harry Wilkins 0-0: Swinging Strike
0-1: Ball
1-1: Fly out, F7 (Line Drive, 78D)
Pinch Hitting: LHB Zander Rutherford 0-0: Called Strike
0-1: Ball
1-1: Ball
2-1: Foul Ball, location: 2F
2-2: Ball
3-2: Strikes out swinging
Bottom of the 10th over - 0 run(s), 0 hit(s), 0 error(s), 0 left on base; Creighton 9 - Rutgers 9
TOP OF THE 11TH
Creighton Blue Jays batting - Pitching for Rutgers Scarlet Knights : LHP Jack Greene
Now at SS: Jesús León
Batting: RHB Matt Cole 0-0: Fly out, F9 (Line Drive, 9)
Batting: LHB Brady Phillips 0-0: Swinging Strike
0-1: Called Strike
0-2: Ball
1-2: Strikes out swinging
Batting: LHB Steve Edwards 0-0: Ball
1-0: Ball
2-0: Ball
3-0: Called Strike
3-1: Base on Balls
Batting: RHB Gabriel Santana 0-0: Ball
1-0: Ball
2-0: Ball
3-0: Called Strike
3-1: Fielders Choice at 2nd, 6-4 (Groundball, 6)
Top of the 11th over - 0 run(s), 0 hit(s), 0 error(s), 0 left on base; Creighton 9 - Rutgers 9
BOTTOM OF THE 11TH
Rutgers Scarlet Knights batting - Pitching for Creighton Blue Jays : LHP Peter Turner
Batting: RHB Bill Shaffer 0-0: Ball
1-0: Called Strike
1-1: Foul Ball, location: 2F
1-2: Fly out, F6 (Line Drive, 56)
Batting: LHB Dave Watkins 0-0: Ball
1-0: Ball
2-0: Called Strike
2-1: Swinging Strike
2-2: Ball
3-2: SINGLE (Groundball, 4MD)
Batting: RHB Howard Battle 0-0: Called Strike
0-1: Ball
1-1: Ball
2-1: Grounds into double play, 6-4-3 (Groundball, 6)
Bottom of the 11th over - 0 run(s), 1 hit(s), 0 error(s), 0 left on base; Creighton 9 - Rutgers 9
TOP OF THE 12TH
Creighton Blue Jays batting - Pitching for Rutgers Scarlet Knights : LHP Jack Greene
Batting: LHB Marcos Torres 0-0: Ball
1-0: SINGLE (Line Drive, 6MD)
Batting: RHB Jaime Aguirre 0-0: Bunted foul
0-1: Ball
1-1: Ball
2-1: Bunted foul
2-2: Ball
3-2: Base on Balls
Marcos Torres to second
Pitching: RHP Joey Williams
Batting: RHB Carlos Gómez 0-0: Ball
1-0: Sac Bunt - play at first, batter OUT! 5-4
Marcos Torres to third
Jaime Aguirre to second
Batting: LHB Rob Johnstone 0-0: Ball
1-0: SINGLE (Line Drive, 5)
Marcos Torres scores
Jaime Aguirre to third
Runner from 3rd tries for Home, SAFE, throw made home
Rob Johnstone to second
Batting: LHB Pedro Oropesa 0-0: Ball
1-0: Called Strike
1-1: Foul Ball, location: 2F
1-2: SINGLE (Groundball, 34) (infield hit)
Rob Johnstone to third
Batting: RHB Matt Cole 0-0: Called Strike
0-1: Ball
1-1: 3-RUN HOME RUN (Flyball, 7D), Distance : 363 ft
Pitching: LHP Bradley Hansen
Batting: LHB Brady Phillips 0-0: Called Strike
0-1: Foul Ball, location: 2F
0-2: Ball
1-2: Reached via error on a dropped throw, E3
Batting: LHB Steve Edwards 0-0: Foul Ball, location: 2F
0-1: Foul Ball, location: 2F
0-2: Foul Ball, location: 2F
0-2: Ball
1-2: 2-RUN HOME RUN (Flyball, 9D), Distance : 362 ft
Batting: RHB Gabriel Santana 0-0: Single, Error in OF, E9, batter to second base
Batting: LHB Marcos Torres 0-0: Ball
1-0: Foul Ball, location: 2F
1-1: Called Strike
1-2: Ball
2-2: Ball
3-2: Fly out, F8 (Flyball, 78D)
Batting: RHB Jaime Aguirre 0-0: Called Strike
0-1: Ball
1-1: Foul Ball, location: 2F
1-2: Ball
2-2: Ball
3-2: Ground out 6-3 (Groundball, 6)
Top of the 12th over - 7 run(s), 6 hit(s), 2 error(s), 1 left on base; Creighton 16 - Rutgers 9
BOTTOM OF THE 12TH
Rutgers Scarlet Knights batting - Pitching for Creighton Blue Jays : LHP Peter Turner
Batting: LHB Carlos Hernández 0-0: Swinging Strike
0-1: Swinging Strike
0-2: Strikes out swinging
Batting: RHB Chris Barker 0-0: Ball
1-0: SINGLE (Groundball, 34D)
Batting: RHB Eric Green 0-0: Ball
1-0: Foul Ball, location: 2F
1-1: Fielders Choice at 2nd, 1-6 (Groundball, P)
Batting: LHB Ryan Washington 0-0: Ball
1-0: Ball
2-0: Ball
3-0: Base on Balls
Eric Green to second
Batting: RHB Harry Wilkins 0-0: Ball
1-0: Ball
2-0: Fly out, F8 (Flyball, 8LS)
Bottom of the 12th over - 0 run(s), 1 hit(s), 0 error(s), 2 left on base; Creighton 16 - Rutgers 9
Tuesday, August 8th, 2017 - OOTP Baseball 17.12 Build 75